 Dungeon Crawl Stone Soup version 0.22-a0-77-g0fd0111 (webtiles) character file.

258 oplop the Chiller (level 6, 0/39 HPs)
             Began as an Octopode Ice Elementalist on Jan 15, 2018.
             Slain by a phantom (5 damage)
             ... on level 4 of the Dungeon.
             The game lasted 00:09:59 (2666 turns).

oplop the Chiller (Octopode Ice Elementalist)       Turns: 2666, Time: 00:10:00

Health: 0/39       AC:  1    Str:  7    XL:     6   Next: 16%
Magic:  11/11      EV: 14    Int: 18    God:
Gold:   243        SH:  0    Dex: 14    Spells: 4/12 levels left

rFire    x . .     SeeInvis .   k - -2 dagger
rCold    + . .     Gourm    .   (no shield)
rNeg     . . .     Faith    .   (helmet restricted)
rPois    .         Spirit   .   (no amulet)
rElec    .         Reflect  .   j - ring of ice
rCorr    .         Harm     .   (no ring)
MR       .....                  (no ring)
Stlth    +++.......             (no ring)
HPRegen  0.13/turn              (no ring)
MPRegen  0.12/turn              (no ring)
                                (no ring)
                                (no ring)

@: no status effects
A: almost no armour, stealthy swim, amphibious, 8 rings, constrict 8, camouflage
1, gelatinous body 1
a: no special abilities


You were on level 4 of the Dungeon.
You were not hungry.

You visited 1 branch of the dungeon, and saw 4 of its levels.

You collected 243 gold pieces.

Inventory:

Hand Weapons
 k - a -2 dagger (weapon)
Jewellery
 j - a ring of ice (left tentacle)
Wands
 m - a wand of random effects (27)
Scrolls
 c - 3 scrolls of identify
 n - a scroll of teleportation
Potions
 f - a potion of curing
 g - a potion of ambrosia {unknown}
 i - a potion of mutation {unknown}
 o - a potion of might {unknown}
Books
 a - a book of Frost

   Spells                             Type                      Level
   a - Freeze                         Ice                          1
   b - Throw Frost                    Conjuration/Ice              2
   c - Ozocubu's Armour               Charms/Ice                   3
   d - Throw Icicle                   Conjuration/Ice              4
   e - Summon Ice Beast               Ice/Summoning                4
 d - Sif Muna's Tome of Changing
   (You found it on level 2 of the Dungeon)

   Spells                             Type                      Level
   a - Beastly Appendage              Transmutation                1
 h - the Papyrus of Execration and the Rocks
   (You found it on level 4 of the Dungeon)

   Spells                             Type                      Level
   a - Passwall                       Transmutation/Earth          2
   b - Confuse                        Hexes                        3
   c - Leda's Liquefaction            Hexes/Earth                  4
   d - Lee's Rapid Deconstruction     Earth                        5
   e - Invisibility                   Hexes                        6
Comestibles
 b - 8 rations


   Skills:
 + Level 2.0 Fighting
 + Level 3.1 Dodging
 - Level 2.6 Stealth
 * Level 3.6 Spellcasting
   Level 1.0 Conjurations
 * Level 4.5 Ice Magic


You had 4 spell levels left.
You knew the following spells:

 Your Spells              Type           Power        Failure   Level  Hunger
a - Freeze                Ice            ####         2%          1    None
b - Ozocubu's Armour      Chrm/Ice       ###.....     19%         3    ###....
c - Summon Ice Beast      Ice/Summ       ###.....     52%         4    ####...


Dungeon Overview and Level Annotations

Branches:
Dungeon (4/15)
 Temple: D:4-7

Altars:
Kikubaaqudgha
Sif Muna
Vehumet
Yredelemnul

Annotations:
D:3 1 runed door, exclusion: ogre, Pawles22's ghost, amateur GrFi
D:4 exclusion: orc priest


Innate Abilities, Weirdness & Mutations

You cannot wear most types of armour.
You are very stealthy in the water. (Stealth+)
You are amphibious.
You can wear up to eight rings at the same time.
You can use your tentacles to constrict eight enemies at once.
Your skin changes colour to match your surroundings (Stealth+).
Your rubbery body absorbs attacks. (AC +1, EV +1)


Message History

Casting: Freeze
Confirm with . or Enter, or press ? or * to list all spells.
Okay, then.
As you read the scroll of teleportation, it crumbles to dust.
You feel strangely unstable. The orc hits you with a short sword!
The orc closely misses you. The ogre hits you with a giant club!
The orc priest calls down the wrath of Beogh upon you.
Beogh smites you!
* * * LOW HITPOINT WARNING * * *
Your surroundings suddenly seem different.
A phantom comes into view.
You see here 14 stones.
The phantom blinks!
The ogre shouts!
The orc appears out of thin air!
The phantom blinks!
There is a stone staircase leading up here.
The phantom hits you.
You die...

#.........>......................
####.####...........###..........
#....#.............#......>...
#.##............##............
#.##.#..........###...........
####$#..###...##..###..#..<......
.......##....O.....#..#..........
.......##.......W..........#.####
.......##.......@......#####.#
.(.....########.###..### ###.#
.......# #####.#.....## #...#
.......# #.......###..###.###
.......# #.......# ##.....#
.......# #.......# #######
######## #.......# #.......#
#########


You could see a phantom and an ogre.

Vanquished Creatures
  A scorpion (D:4)
  A howler monkey (D:4)
  2 worker ants (D:4)
  A worker ant zombie (D:4)
  5 adders
  An ooze (D:1)
  2 worms (D:2)
  2 dart slugs
  3 leopard geckos
  3 orcs (D:3)
  A giant cockroach (D:3)
  6 goblins
  5 jackals
  A quokka (D:3)
  4 bats
  4 frilled lizards
  5 kobolds
  6 rats
53 creatures vanquished.

Notes
Turn   | Place    | Note
-------+----------+-------------------------------------------
     0 | D:1      | oplop the Octopode Ice Elementalist began the quest for the Orb.
     0 | D:1      | Reached XP level 1. HP: 11/11 MP: 3/3
   132 | D:1      | Reached XP level 2. HP: 11/18 MP: 0/5
   665 | D:2      | Found a radiant altar of Vehumet.
   670 | D:2      | Found an ancient bone altar of Kikubaaqudgha.
   672 | D:2      | Found a deep blue altar of Sif Muna.
   681 | D:2      | Identified Sif Muna's Tome of Changing
   731 | D:2      | Reached XP level 3. HP: 2/22 MP: 0/6
  1176 | D:3      | Found a runed door.
  1176 | D:3      | Noticed a human
  1308 | D:3      | Found a basalt altar of Yredelemnul.
  1328 | D:3      | Reached skill level 1 in Fighting
  1412 | D:3      | Noticed an ogre
  1420 | D:3      | Learned a level 3 spell: Ozocubu's Armour
  1438 | D:3      | Noticed Pawles22's ghost (amateur GrFi)
  1451 | D:4      | Noticed a scorpion
  1524 | D:4      | Noticed an ogre
  1538 | D:4      | Reached XP level 4. HP: 28/28 MP: 2/8
  1633 | D:4      | Wingboner: К нам поступила информация, что здесь злоупотребляют тентаклями.
  1735 | D:4      | Reached skill level 4 in Ice Magic
  1735 | D:4      | Reached XP level 5. HP: 33/33 MP: 1/9
  1802 | D:4      | Identified the Papyrus of Execration and the Rocks
  1885 | D:3      | oplop: приветик
  1885 | D:3      | oplop: да как обычно, так то
  1992 | D:3      | Learned a level 4 spell: Summon Ice Beast
  1996 | D:3      | Wingboner: Информация подтвердилась. Злоупотребляют.
  2011 | D:3      | Wingboner: ,,,^..^,,,
  2117 | D:3      | oplop: уже настолько ОКАЗУАЛЕЛЕ что только и остается табать на тентаклях
  2151 | D:3      | Wingboner: Ну, никто не мешает играть в старые версии.
  2222 | D:3      | oplop: nj;t dthyj
  2222 | D:3      | oplop: тоже верно
  2222 | D:3      | oplop: смотрю ща, инматеоо в 0.14 играет
  2222 | D:3      | oplop: кольцо надел, А ОНО НЕ ОПРЕДЕЛИЛОСЬ
  2222 | D:3      | Wingboner: Кто такой, чем знаменит?
  2222 | D:3      | oplop: я, блядь, уже и забыл что так было
  2222 | D:3      | oplop: ничем
  2222 | D:3      | Wingboner: Хехехе, я тоже 0.14 уважаю.
  2222 | D:3      | oplop: просто смотрю - чел 0.14 гоняет
  2451 | D:3      | oplop: так
  2451 | D:3      | oplop: энчант не снимает курс
  2451 | D:3      | oplop: отлично
  2590 | D:4      | Reached XP level 6. HP: 34/39 MP: 8/11
  2650 | D:4      | Noticed a phantom
  2666 | D:4      | Slain by a phantom

Vault maps used:
D:1:      mrwooster_arrival_statue_2
D:2:      kennysheep_six_static_rooms, grunt_temple_overflow_magic_moments,
          uniq_natasha
D:3:      first_ration, dk_yredelemnul_ordeal

Skill      XL: |  1  2  3  4  5 |
---------------+----------------+-----
Fighting       | 1 2 |  2.0
Spellcasting   | 3 |  3.6
Ice Magic      | 4 |  4.5
Dodging        | 3 |  3.1
Stealth        | |  2.6
Conjurations   | |  1.0

Action                   |  1- 3 |  4- 6 || total
-------------------------+-------+-------++-------
Melee: Unarmed           |    58 |    17 ||    75
       Constrict         |    13 |    16 ||    29
       Tentacles         |     4 |    11 ||    15
       Dagger            |       |    30 ||    30
 Cast: Freeze            |    32 |    24 ||    56
       Ozocubu's Armour  |     1 |     4 ||     5
  Use: Scroll            |       |     6 ||     6
 Stab: Sleeping          |     5 |     4 ||     9
       Distracted        |       |     1 ||     1
  Eat: Chunk             |     2 |     4 ||     6
Armor: Skin              |     7 |     9 ||    16
Dodge: Dodged            |    63 |    31 ||    94

Table legend:
 A = Spawn XP
 B = Non-spawn XP
 C = Spawn XP percentage of total XP
 D = Spawn monster count
 E = Non-spawn monster count
 F = Spawn count percentage of total count
 G = Total turns spent on level
                    A         B        C        D         E        F      G
               +---------+---------+-------+---------+---------+-------+---------
         Total |       0 |     369 |   0.0 |       0 |      53 |   0.0 |  2666
               +---------+---------+-------+---------+---------+-------+---------
           D:1 |       0 |      29 |   0.0 |       0 |      13 |   0.0 |   664
           D:2 |       0 |      18 |   0.0 |       0 |       8 |   0.0 |   512
           D:3 |       0 |      79 |   0.0 |       0 |      23 |   0.0 |   876
           D:4 |       0 |     243 |   0.0 |       0 |       9 |   0.0 |   614
               +---------+---------+-------+---------+---------+-------+---------
